 Dungeon Crawl Stone Soup version 0.28.0-1-gb440e238dd (webtiles) character file.

Game seed: 12760912926565811140

153 Sanktem7 the Chopper (level 5, -5/47 HPs)
             Began as a Minotaur Fighter on Feb 22, 2022.
             Slain by an ogre (29 damage)
             ... on level 4 of the Dungeon.
             The game lasted 00:04:29 (2894 turns).

Sanktem7 the Chopper (Minotaur Fighter)             Turns: 2894, Time: 00:04:29

Health: -5/47      AC: 10    Str: 23    XL:     5   Next: 12%
Magic:  4/4        EV:  7    Int:  5    God:
Gold:   148        SH:  4    Dex:  9    Spells: 4/4 levels left

rFire   . . .      SeeInvis .   o - +6 hand axe "Ruhaubip" {vorpal, rElec}
rCold   . . .      Faith    .   c - +0 buckler
rNeg    . . .      Spirit   .   l - +0 chain mail
rPois   .          Reflect  .   (helmet restricted)
rElec   +          Harm     .   k - +0 cloak
rCorr   .          Rampage  .   (no gloves)
Will    .....                   (no boots)
Stlth   ..........              (no amulet)
HPRegen 0.15/turn               (no ring)
MPRegen 0.09/turn               (no ring)

@: no status effects
A: horns 2, retaliatory headbutt
a: no special abilities


You were on level 4 of the Dungeon.
You visited 1 branch of the dungeon, and saw 4 of its levels.

You collected 148 gold pieces.

Inventory:

Hand Weapons
 o - the +6 hand axe "Ruhaubip" (weapon) {vorpal, rElec}
   (You found it on level 3 of the Dungeon)

   It inflicts extra damage upon your enemies.
   rElec:     It insulates you from electricity.
Armour
 c - a +0 buckler (worn)
 e - a scarf of shadows
 k - a +0 cloak (worn)
 l - a +0 chain mail (worn)
Wands
 b - a wand of iceblast (3)
Scrolls
 a - a scroll of enchant armour {unknown}
 f - 3 scrolls of teleportation {unknown}
 h - a scroll of identify {unknown}
 j - 2 scrolls of noise {unknown}
 n - 2 scrolls of blinking {unknown}
Potions
 d - 2 potions of might
 g - 2 potions of berserk rage {unknown}
 i - a potion of curing {unknown}
 m - a potion of attraction {unknown}
 p - a potion of resistance {unknown}


   Skills:
 * Level 4.8 Fighting
 * Level 4.8 Axes
 + Level 4.5 Armour
 + Level 0.3 Dodging
 - Level 3.6 Shields


You had 4 spell levels left.
You didn't know any spells.
Your spell library was empty.

Dungeon Overview and Level Annotations

Branches:
Dungeon (4/15)
 Temple: D:4-7

Altars:
Dithmenos
Hepliaklqana
Xom

Shops:
D:3 *


Innate Abilities, Weirdness & Mutations

You have a pair of horns on your head.
You reflexively headbutt those who attack you in melee.


Message History

You closely miss the orc.
The orc is heavily wounded.
The orc hits you with a +0 hand axe.
You hit the orc.
You kill the orc!
No target in view!
No target in view!
No target in view!
HP restored.
There is an escape hatch in the ceiling here.
Items here: )) ††.
Things that are here:
a +0 hand axe; a +0 scale mail You now have 128 gold pieces (gained 9).
You see here a +0 dagger.
There is an escape hatch in the ceiling here.
Items here: )) ††.
You now have 137 gold pieces (gained 9).
You now have 148 gold pieces (gained 11).
You open the door.
An ogre comes into view. It is wielding a +0 giant club.
The ogre shouts!
The ogre moves out of view.
Key pressed, stopping explore.
Found a hazy altar of Hepliaklqana.
There is an open door here.
An ogre is nearby!
An ogre is nearby!
An ogre is nearby!
An ogre is nearby!
Found a shimmering altar of Xom.
The ball python hisses angrily.
You slash the ogre!
The ogre is heavily wounded.
The ogre hits you with a +0 giant club!!
You hit the ogre.
The ogre is severely wounded.
The ogre hits you with a +0 giant club!!
Ouch! That really hurt!
You die...

#+## ...## ##.._
###...##
#S#_..O####
#@#..# #.'..#
####.# #####
#..# #...####.##
###......#
#.######
#######.####
...........#####


You could see an ogre and a ball python.

Vanquished Creatures
  An orc wizard (D:4)
  An adder (D:2)
  2 worms (D:2)
  3 dart slugs
  8 orcs
  13 ball pythons
  7 endoplasms
  3 giant cockroaches
  9 goblins
  9 hobgoblins
  6 jackals (D:1)
  3 quokkas
  7 bats
  4 frilled lizards
  5 kobolds
  11 rats
92 creatures vanquished.

Notes
Turn   | Place    | Note
-------+----------+-------------------------------------------
     0 | D:1      | Sanktem7 the Minotaur Fighter began the quest for the Orb.
     0 | D:1      | Reached XP level 1. HP: 19/19 MP: 0/0
   328 | D:1      | Reached XP level 2. HP: 27/27 MP: 1/1
   607 | D:1      | Reached XP level 3. HP: 34/34 MP: 2/2
  1388 | D:2      | Found a shadowy altar of Dithmenos.
  1435 | D:2      | Reached XP level 4. HP: 24/41 MP: 3/3
  2297 | D:3      | Identified the +6 hand axe "Ruhaubip" {vorpal, rElec}
  2410 | D:3      | Found Caarefee's Assorted Antiques.
  2731 | D:4      | Reached XP level 5. HP: 47/47 MP: 4/4
  2890 | D:4      | Noticed an ogre
  2891 | D:4      | Found a hazy altar of Hepliaklqana.
  2892 | D:4      | Found a shimmering altar of Xom.
  2894 | D:4      | Slain by an ogre

Illustrated notes

Levels and vault maps discovered:
D:1:      ncdulo_smallfort, layout_loops_ring, serial_aquarium,
          aquarium_bridge_square [aquarium_subvault_bridge,
          aquarium_subvault_window, aquarium_subvault_bridge,
          aquarium_subvault_wall], aquarium_window_corridor_3,
          aquarium_window_corner, aquarium_window_1, aquarium_window_1,
          aquarium_view_2g, minmay_tromino_v4_a
D:2:      layout_rooms, basic_altar, dk_vineyard_2
D:3:      layout_basic, serial_shops, nicolae_shop_waterfront
D:4:      layout_loops_ring, regret_index_temple_of_mockery, dk_noncrumbling_3,
          grunt_ministairs_15

Skill      XL: |  1  2  3  4 |
---------------+-------------+-----
Fighting       | 4 |  4.8
Armour         | 4 |  4.5
Axes           | 3 4 |  4.8
Dodging        | |  0.3
Shields        | |  3.6

Action                   |  1- 3 |  4- 6 || total
-------------------------+-------+-------++-------
Melee: War axe           |    92 |    49 ||   141
       Headbutt          |     6 |     6 ||    12
       Hand axe          |       |    22 ||    22
Armor: Scale mail        |    35 |       ||    35
       Chain mail        |       |    40 ||    40
Dodge: Dodged            |    63 |    22 ||    85
Block: Buckler           |    20 |    11 ||    31
